AoeStats
← KA MING

Pilgrims

508874359Analyzed
4v4 RM · 9d ago on Sep 24, 2026· 53m 4s· 8 players
Game mode
Random Map
Map size
Large (8 player)
Population
200
Speed
Normal
Resources
Standard
Victory
Conquest
Starting age
Dark Age
Ending age
Imperial Age
RankedLock teamsTeams togetherTeam positionsShared explorationLock speedFull tech treeHidden civsTurbo modeCheats
Victory
Defeat
🇭🇰 Koreans · Hong Kong SAR China
1356
+15
🇭🇰 Spanish · Hong Kong SAR China
1345
+16
🇭🇰 Mongols · Hong Kong SAR China
1343
+16
🇭🇰 Varangians · Hong Kong SAR China
1339
+16
🇹🇷 Celts · Türkiye
1350
-16
🇨🇳 Danes · China
1349
-16
🇮🇳 Portuguese · India
1349
-16
🇵🇪 Japanese · Peru
1311
-15
chanakya
10:01 Loom
12:12 Feudal Age
12:49 Fishing Lines
16:01 Castle Age
17:30 Medium Warships
19:08 Double-Bit Axe
23:52 Bow Saw
25:07 Wheelbarrow
30:30 Hand Cart
34:01 Scale Barding Armor
34:07 Forging
34:51 Bloodlines
34:41 Husbandry
34:42 Light Cavalry
39:32 Town Watch
43:02 Chain Barding Armor
42:44 Horse Collar
44:27 Heavy Plow
BlackStone
4:50 Loom
12:58 Feudal Age
13:31 Double-Bit Axe
13:40 Gold Mining
13:53 Fishing Lines
15:19 Padded Archer Armor
15:13 Fletching
20:14 Castle Age
20:48 Wheelbarrow
20:50 Demolition Ship
21:46 Medium Warships
23:56 Hand Cart
25:28 Gold Shaft Mining
24:44 Stone Mining
32:43 Horse Collar
35:45 Imperial Age
33:17 Scale Mail Armor
32:53 Man-at-Arms
34:01 Gambesons
33:37 Long Swordsman
34:03 Arson
34:30 Forging
35:21 Chain Mail Armor
35:41 Iron Casting
35:22 Heavy Plow
37:31 Plate Mail Armor
36:28 Two-Handed Swordsman
40:33 Blast Furnace
40:15 Champion
40:42 Pikeman
41:09 Capped Ram
42:34 Furor Celtica
44:24 Halberdier
47:15 Bow Saw
47:13 Siege Ram
52:00 Onager
Faker
4:11 Loom
12:06 Feudal Age
13:08 Double-Bit Axe
13:10 Town Watch
17:43 Wheelbarrow
17:37 Fishing Lines
23:12 Castle Age
23:25 Fletching
24:27 Bow Saw
26:05 Medium Warships
29:24 Arson
34:07 Squires
34:17 Forging
34:42 Gold Mining
44:10 Hand Cart
44:02 Stone Mining
43:56 Horse Collar
49:58 Imperial Age
kraquen
12:20 Feudal Age
16:58 Castle Age
15:38 Loom
16:24 Stone Mining
25:44 Forging
27:29 Scale Mail Armor
31:27 Chain Mail Armor
32:49 Iron Casting
38:18 Fletching
46:39 Double-Bit Axe
48:01 Crossbowman
49:59 Padded Archer Armor
51:05 Bodkin Arrow
kitty仔
3:34 Loom
12:57 Feudal Age
13:28 Double-Bit Axe
20:09 Castle Age
21:04 Wheelbarrow
24:35 Wheelbarrow
26:25 Bloodlines
26:27 Gold Mining
26:27 Stone Mining
27:24 Fletching
27:35 Padded Archer Armor
28:38 Hand Cart
31:03 Husbandry
33:59 Fishing Lines
37:01 Gillnets
39:17 Bow Saw
44:43 Imperial Age
46:32 Bodkin Arrow
46:52 Leather Archer Armor
48:12 Chemistry
47:32 Ballistics
47:21 Bracer
51:08 Thumb Ring
54:02 Chemistry
53:23 Ballistics
52:58 Murder Holes
52:49 Arrowslits
52:28 Elite Skirmisher
53:33 Conscription
Stanleyip29
7:19 Loom
10:16 Feudal Age
16:03 Wheelbarrow
20:02 Castle Age
18:03 Double-Bit Axe
18:14 Gold Mining
21:30 Fletching
22:13 Bodkin Arrow
22:17 Horse Collar
22:50 Bow Saw
26:13 Heavy Plow
27:59 Ballistics
27:52 Stone Mining
31:25 Hand Cart
36:42 Imperial Age
34:46 Town Watch
37:52 Bracer
39:22 Conscription
39:22 Town Patrol
40:32 Chemistry
39:47 Masonry
39:53 Elite War Wagon
46:37 Murder Holes
48:39 Eupseong
48:24 Treadmill Crane
50:28 Architecture
50:07 Siege Engineers
50:39 Architecture
50:49 Gold Shaft Mining
50:50 Stone Shaft Mining
53:11 Arrowslits
KA MING
9:15 Loom
11:57 Feudal Age
16:59 Castle Age
15:41 Double-Bit Axe
20:48 Fletching
21:30 Bodkin Arrow
21:59 Padded Archer Armor
24:18 Leather Archer Armor
25:29 Husbandry
25:39 Bloodlines
30:23 Ballistics
34:16 Wheelbarrow
39:07 Hand Cart
47:23 Imperial Age
48:08 Bracer
49:10 Chemistry
48:45 Elite Mangudai
49:20 Town Watch
49:58 Capped Ram
52:40 Town Patrol
53:16 Drill
Wes
4:33 Loom
11:58 Feudal Age
13:54 Double-Bit Axe
13:50 Horse Collar
16:41 Castle Age
15:02 Fletching
15:52 Gold Mining
17:17 Bodkin Arrow
17:45 Medium Warships
19:58 Ballistics
21:15 Bow Saw
23:52 Clinker Construction
23:54 Careening
31:37 Horse Collar
33:45 Padded Archer Armor
34:24 Heavy Plow
35:56 Wheelbarrow
40:06 Imperial Age
37:49 Fishing Lines
38:41 Hand Cart
38:17 Town Watch
38:48 Hand Cart
39:45 Stone Mining
41:25 Scale Barding Armor
41:30 Forging
42:10 Elite Jarl
44:16 Two-Man Saw
43:49 Crop Rotation
43:54 Chain Barding Armor
44:10 Iron Casting
44:56 Chemistry
44:49 Conscription
45:56 Plate Barding Armor
46:56 Blast Furnace
46:44 Stone Shaft Mining
47:31 Bracer
50:27 Bloodlines
50:18 Husbandry
51:14 Town Patrol
51:15 Scale Mail Armor
51:31 Leather Archer Armor
50:48 Vendel Legacy
51:01 Gothikon
Connection lost

Rejoining the realm…

Still unreachable

The connection could not be restored.

Session expired

The server has moved on; the page needs a fresh start.